 Dungeon Crawl Stone Soup version 0.28-a0-1613-gdaab1c2f9b (webtiles) character file.

Game seed: 15379990923633768237

318 voltaire321 the Poker (level 6, 0/48 HPs)
             Began as a Merfolk Gladiator on Jan 22, 2022.
             Slain by an orc wizard (4 damage)
             ... on level 4 of the Dungeon.
             The game lasted 00:06:21 (3412 turns).

voltaire321 the Poker (Merfolk Gladiator)           Turns: 3412, Time: 00:06:21

Health: 0/48       AC:  6    Str: 15    XL:     6   Next: 45%
Magic:  6/6        EV:  9    Int:  7    God:
Gold:   67         SH: 12    Dex: 17    Spells: 5/5 levels left

rFire   . . .      SeeInvis .   a - +0 trident
rCold   . . .      Faith    .   r - +0 tower shield
rNeg    . . .      Spirit   .   v - +0 ring mail
rPois   .          Reflect  .   c - +0 helmet
rElec   .          Harm     .   (no cloak)
rCorr   .          Rampage  .   (no gloves)
Will    .....                   (no boots)
Stlth   +.........              (no amulet)
HPRegen 0.16/turn               (no ring)
MPRegen 0.10/turn               (no ring)

@: no status effects
A: (nimble swimmer 2), mertail
a: no special abilities


You were on level 4 of the Dungeon.
You visited 1 branch of the dungeon, and saw 4 of its levels.

You collected 67 gold pieces.

Inventory:

Hand Weapons
 a - a +0 trident (weapon)
Missiles
 d - 3 throwing nets (quivered)
Armour
 c - a +0 helmet (worn)
 r - a +0 tower shield (worn)
 v - a +0 ring mail (worn)
Jewellery
 o - a ring of ice
Wands
 q - a wand of polymorph (4)
Scrolls
 b - 3 scrolls of teleportation {unknown}
 e - 2 scrolls of magic mapping {unknown}
 f - 5 scrolls of identify {unknown}
 k - a scroll of fear {unknown}
 l - 2 scrolls of enchant armour {unknown}
 m - a scroll of noise {unknown}
 n - a scroll of amnesia {unknown}
 p - 2 scrolls of vulnerability {unknown}
 s - a scroll of blinking {unknown}
 t - 2 scrolls of enchant weapon {unknown}
 u - a scroll of holy word {unknown}
 y - a scroll of fog {unknown}
Potions
 g - 3 potions of flight {unknown}
 h - a potion of heal wounds {unknown}
 i - a potion of ambrosia {unknown}
 j - a potion of curing {unknown}
 w - a potion of attraction {unknown}
 x - a potion of magic {unknown}


   Skills:
 + Level 3.8 Fighting
 + Level 6.1 Polearms
 + Level 3.5 Throwing
 + Level 5.5 Dodging
 + Level 1.8 Shields


You had 5 spell levels left.
You didn't know any spells.
Your spell library contained the following spells:

 Spells                   Type           Power      Damage    Failure   Level
 Static Discharge         Conj/Air       0%         N/A       100%        2
 Dispel Undead            Necr           0%         3d6       100%        4
 Sticky Flame             Conj/Fire      0%         2d3       100%        4


Dungeon Overview and Level Annotations

Branches:
Dungeon (4/15)
 Temple: D:4-7

Altars:
Zin


Innate Abilities, Weirdness & Mutations

((You are very nimble when in or above water. (Stealth+, EV+, Speed+++)))
Your lower body shifts to a powerful aquatic tail in water.


Message History

You are too injured to fight recklessly!
You closely miss something. You block the orc's attack.
The orc hits you but does no damage. You block something's attack.
The orc hits you from afar with a +0 trident!
* * * LOW HITPOINT WARNING * * *
You miss something. The orc closely misses you.
Something hits you but does no damage. The orc barely misses you.
You block the orc's attack. Something hits you but does no damage.
You closely miss something. You block the orc's attack.
The orc hits you but does no damage.
You hear some strange, mumbled words.
You are confused.
The orc closely misses you. Something hits you but does no damage.
You see here a +0 short sword.
You hit the orc.
You kill the orc!
The orc hits you but does no damage. Something hits you but does no damage.
The orc closely misses you.
You miss something. Something hits you but does no damage.
The orc hits you but does no damage. Something hits you.
* * * LOW HITPOINT WARNING * * *
You barely miss something. The orc closely misses you. Something hits you.
* * * LOW HITPOINT WARNING * * *
The orc hits you with a +0 short sword.
* * * LOW HITPOINT WARNING * * *
You bump into the rock wall.
You feel less confused. Something hits you but does no damage.
You block the orc's attack.
You hit something. Something hits you but does no damage.
You block the orc's attack. Something hits you but does no damage.
You hit something. You block the orc's attack. Something hits you.
* * * LOW HITPOINT WARNING * * *
You block the orc's attack.
You puncture the orc!
You kill the orc!
Something hits you but does no damage. x2
You hit something but do no damage. Something hits you.
* * * LOW HITPOINT WARNING * * *
You miss something. Something hits you.
You die...

########.......###
#..........#
#...........#####
#..........#
.#...........# ..#
####+#......
.#........)..# ..#
#...... .'........>..#
..# #......
##.....[..<..###.#
#......
....)..####....#.###+##
..#+###
.......#..'....#......#
...
.......#..#....#@)....+
.......'..#....){.....#
..)....####....#'###+##
....#### ####.....
....# #....... ....#
#......... ....#
#......... ....#
#......... ....#
##.....###


There were no monsters in sight!

Vanquished Creatures
  An ogre (D:4)
  A scorpion (D:4)
  A hound (D:4)
  A gnoll (D:1)
  2 adders
  2 worms
  5 dart slugs
  13 orcs
  4 bats
  8 endoplasms
  A giant cockroach (D:2)
  7 goblins
  12 hobgoblins
  3 jackals (D:2)
  6 kobolds
  4 quokkas (D:1)
  8 ball pythons
  4 frilled lizards
  A rat (D:2)
84 creatures vanquished.

Notes
Turn   | Place    | Note
-------+----------+-------------------------------------------
     0 | D:1      | voltaire321 the Merfolk Gladiator began the quest for the
                  | Orb.
     0 | D:1      | Reached XP level 1. HP: 16/16 MP: 1/1
   179 | D:1      | Reached XP level 2. HP: 23/23 MP: 2/2
   248 | D:1      | Found a faded altar of an unknown god.
   263 | D:1      | Reached XP level 3. HP: 23/28 MP: 3/3
   566 | D:1      | Reached skill level 5 in Polearms
  1165 | D:2      | Reached XP level 4. HP: 24/35 MP: 4/4
  1695 | D:2      | Identified the +7 whip "Nymac" {vamp, Dex+5}
  2267 | D:3      | Reached skill level 5 in Dodging
  2267 | D:3      | Reached XP level 5. HP: 21/41 MP: 5/5
  2443 | D:3      | Found a glowing silver altar of Zin.
  2889 | D:4      | Noticed an ogre
  2896 | D:4      | Killed an ogre
  2897 | D:4      | Reached skill level 1 in Shields
  3090 | D:4      | Reached XP level 6. HP: 39/48 MP: 6/6
  3168 | D:4      | Reached skill level 6 in Polearms
  3412 | D:4      | Slain by an orc wizard

Illustrated notes

Levels and vault maps discovered:
D:1:      dpeg_arrival_short_road, layout_basic,
          hellmonk_ecumenical_altar_run_dry
D:2:      layout_loops_ring
D:3:      minmay_spotlight, layout_rooms, lemuel_doored_altar
D:4:      layout_gridville, chequers_decorated_corner

Skill      XL: |  1  2  3  4  5  6 |
---------------+-------------------+-----
Polearms       | 5 6 |  6.1
Fighting       | 3 |  3.8
Dodging        | 5 |  5.5
Throwing       | 3 |  3.5
Shields        | 1 |  1.8

Action                   |  1- 3 |  4- 6 || total
-------------------------+-------+-------++-------
Melee: Trident           |   121 |   165 ||   286
       Punch             |     2 |       ||     2
 Stab: Sleeping          |     2 |     1 ||     3
Armor: Leather armour    |    20 |    14 ||    34
       Ring mail         |       |    31 ||    31
Dodge: Dodged            |    53 |    38 ||    91
Block: Tower shield      |       |    92 ||    92

Table legend: (Time is in decaauts)
 A = Elapsed time spent in this place.
 B = Non-inter-level travel time spent in this place.
 C = Inter-level travel time spent in this place.
 D = Time resting spent in this place.
 E = Time spent auto-exploring this place.
 F = Levels seen in this place.
 G = Mean time per level.
                   A        B        C        D        E       F      G
               +--------+--------+--------+--------+--------+-----+--------+
         Total |   3490 |   3410 |     80 |   1057 |   1556 |   4 |  872.5 |
       Dungeon |   3490 |   3410 |     80 |   1057 |   1556 |   4 |  872.5 |
               +--------+--------+--------+--------+--------+-----+--------+

Top non-repeatable levels by time:
     D:3: 1116 daAuts
     D:1: 961 daAuts
     D:2: 843 daAuts
     D:4: 569 daAuts
